Map: Lerilak Crest

Players

LilDicky

  • Race: Terran Terran
  • League: Diamond

JubJub - Winner!

  • Race: Protoss Protoss
  • League: Silver

VOD

http://www.twitch.tv/tumescentpie

Description

Time

  • Played on: Dec. 10, 2015, 4:57 p.m.
  • Length: 17:08
Show
View Real Time Build Order
Export as new Build Order

LilDicky Terran 

Build Orders:  

Get SALT Encoding   

  12  0:02  SCV  
  13  0:14  SCV  
  14  0:26  Supply Depot  
  14  0:30  SCV  
  15  0:47  SCV  
  16  0:56  Barracks  
  16  1:00  SCV  
  17  1:12  SCV  
  18  1:24  SCV  
  20  1:44  Marine  
  20  1:45  Supply Depot  
  20  1:46  Orbital Command  
  20  2:15  Command Center  
  20  2:17  Command Center, SCV  
  20  2:19  Marine  
  22  2:28  Refinery  
  22  2:29  Refinery  
  22  2:30  SCV  
  23  2:41  Marine  
  23  2:42  SCV  
  25  2:59  SCV, Marine  
  27  3:11  SCV  
  28  3:17  Factory  
  28  3:23  SCV  
  28  3:24  Marine  
  28  3:25  Refinery  
  30  3:29  Refinery  
  30  3:31  Engineering Bay  
  30  3:32  SCV  
  31  3:35  SCV  
  32  3:49  SCV  
  32  3:51  Orbital Command  
  32  3:52  Orbital Command  
  33  4:01  SCV, Widow Mine  
  36  4:03  Starport  
  36  4:08  Starport  
  36  4:13  SCV  
  37  4:22  SCV  
  38  4:25  Marine  
  38  4:26  SCV  
  40  4:32  SCV, Widow Mine  
  43  4:40  SCV  
  43  4:41  SCV  
  43  4:43  Starport Tech Lab  
  43  4:44  Starport Tech Lab  
  43  4:45  Missile Turret  
  45  4:48  SCV  
  47  4:52  SCV  
  47  4:53  SCV  
  48  5:03  SCV  
  48  5:05  Factory Reactor  
  49  5:07  Banshee x2  
  49  5:08  Cloaking Field, Missile Turret  
  43  5:40  Marine  
  40  5:43  Widow Mine x2  
  44  5:51  SCV x2  
  44  5:54  SCV, Missile Turret  
  44  5:57  Missile Turret  
  44  5:58  Marine  
  44  5:59  Refinery  
  44  6:00  Refinery  
  44  6:03  SCV  
  45  6:10  Command Center  
  43  6:15  Widow Mine x2  
  46  6:25  SCV  
  47  6:37  Banshee x2  
  53  6:43  Starport, Widow Mine x2  
  53  6:44  SCV, Starport  
  58  6:47  Missile Turret  
  58  6:54  Missile Turret  
  58  6:58  SCV x2, Supply Depot  
  58  6:59  SCV  
  57  7:10  SCV x2  
  57  7:12  Widow Mine  
  57  7:15  Corvid Reactor  
  61  7:19  Widow Mine  
  61  7:22  Supply Depot  
  63  7:27  Starport Tech Lab, Starport Reactor  
  63  7:30  Banshee  
  66  7:55  Missile Turret  
  66  7:59  Orbital Command  
  66  8:04  SCV x2  
  66  8:05  SCV  
  69  8:16  SCV x2  
  69  8:18  Raven  
  69  8:19  Banshee x2  
  79  8:27  SCV x2  
  79  8:28  SCV, Missile Turret  
  82  8:35  SCV  
  82  8:39  SCV  
  82  8:40  SCV, Supply Depot  
  85  8:42  Supply Depot  
  85  8:43  Viking  
  87  8:48  Fusion Core  
  87  8:52  SCV  
  87  8:54  Armory  
  88  8:58  Armory  
  88  9:00  Banshee  
  91  9:03  Missile Turret  
  87  9:24  SCV  
  87  9:25  SCV x2  
  87  9:30  Banshee x2, Viking x2  
  100  9:32  SCV  
  100  9:37  SCV x2  
  103  9:39  SCV  
  103  9:44  SCV  
  105  9:49  SCV x2  
  105  9:51  SCV  
  108  9:59  Command Center  
  108  10:00  Missile Turret  
  108  10:12  Supply Depot  
  108  10:13  Supply Depot  
  108  10:28  Command Center  
  108  10:33  SCV x4, Widow Mine x2  
  108  10:34  Terran Vehicle And Ship Armor Level 1, Terran Ship Weapons Level 1  
  116  10:35  Behemoth Reactor  
  116  10:36  Missile Turret  
  116  10:38  Missile Turret  
  116  10:39  Advanced Ballistics  
  116  10:40  Hyperflight Rotors  
  116  10:41  Missile Turret  
  116  10:45  SCV x3  
  119  10:50  Supply Depot x2  
  119  10:57  SCV, Missile Turret x2  
  119  11:01  SCV x2  
  119  11:02  SCV, Liberator x2  
  123  11:04  Missile Turret  
  123  11:09  SCV  
  124  11:17  Banshee x2  
  130  11:20  Widow Mine x2  
  130  11:23  Orbital Command  
  140  11:26  Missile Turret  
  140  11:28  Refinery  
  140  11:29  Refinery  
  140  11:32  Command Center  
  140  11:40  SCV  
  140  11:41  SCV x3  
  140  11:45  Banshee  
  147  11:47  Weapon Refit  
  147  11:52  Planetary Fortress  
  147  11:54  Missile Turret  
  147  11:55  Missile Turret  
  147  11:56  SCV  
  147  11:57  SCV  
  147  12:00  Banshee x2  
  155  12:07  Liberator  
  155  12:12  Widow Mine  
  155  12:13  Widow Mine  
  159  12:22  Viking, Missile Turret  
  161  12:28  Banshee  
  163  12:33  SCV  
  163  12:35  Terran Ship Weapons Level 2, Terran Vehicle And Ship Armor Level 2  
  162  12:41  Widow Mine x2  
  162  12:42  Banshee, Starport  
  162  12:43  Starport  
  169  12:44  Starport  
  169  12:46  Orbital Command  
  169  12:56  Missile Turret  
  169  12:58  Liberator x2  
  169  13:08  Command Center  
  169  13:11  Refinery  
  169  13:12  Banshee x2  
  175  13:13  Refinery  
  175  13:17  Command Center  
  181  13:26  Widow Mine x2  
  185  13:34  Factory  
  185  13:36  Command Center, Factory  
  185  13:37  Missile Turret  
  153  14:08  Battlecruiser, Viking x3  
  153  14:09  Viking x4  
  163  14:20  Widow Mine x2  
  163  14:23  Factory Tech Lab, Factory Reactor  
  167  14:38  Viking x2  
  171  14:48  Widow Mine  
  173  14:54  Refinery  
  173  14:56  Planetary Fortress, Refinery  
  173  14:59  Missile Turret  
  173  15:01  Planetary Fortress  
  173  15:04  Missile Turret  
  173  15:05  Orbital Command  
  173  15:06  Missile Turret  
  173  15:12  Battlecruiser x3, Viking  
  173  15:13  Starport Tech Lab x2  
  166  15:40  Banshee  
  166  15:41  Starport Tech Lab  
  157  15:43  Battlecruiser  
  158  16:08  Widow Mine x3  
  158  16:09  Widow Mine x2  
  178  16:34  Factory  
  178  16:36  Factory  
  178  16:37  Factory  
  178  16:38  Hellion x3  
  184  16:57  Refinery  
  184  16:58  Refinery  
Show
View Real Time Build Order
Export as new Build Order

JubJub Protoss - Winner!

Build Orders: 1 Gate Expand 

Get SALT Encoding   

  12  0:01  Probe (Chrono Boost)  
  13  0:11  Probe (Chrono Boost)  
  14  0:18  Pylon  
  14  0:22  Probe (Chrono Boost)  
  15  0:36  Probe (Chrono Boost)  
  15  0:38  Gateway  
  16  0:46  Probe (Chrono Boost), Assimilator  
  18  0:57  Probe (Chrono Boost)  
  18  1:07  Probe (Chrono Boost)  
  19  1:18  Probe (Chrono Boost)  
  20  1:27  Nexus  
  20  1:31  Probe (Chrono Boost)  
  21  1:44  Cybernetics Core  
  21  1:48  Probe (Chrono Boost)  
  21  1:52  Assimilator  
  22  2:01  Probe (Chrono Boost)  
  23  2:15  Probe (Chrono Boost)  
  23  2:21  Pylon  
  23  2:24  Warp Gate  
  23  2:38  Robotics Facility  
  23  2:39  Mothership Core (Chrono Boost), Adept  
  23  2:42  Probe (Chrono Boost)  
  28  2:53  Probe (Chrono Boost)  
  28  2:56  Gateway  
  29  3:01  Probe (Chrono Boost)  
  29  3:03  Gateway  
  30  3:06  Probe (Chrono Boost)  
  32  3:20  Probe x2 (Chrono Boost)  
  32  3:24  Pylon  
  34  3:30  Probe x2 (Chrono Boost), Adept  
  34  3:32  Observer  
  38  3:41  Probe x2 (Chrono Boost)  
  42  3:48  Adept  
  42  3:50  Adept  
  42  3:53  Warp Prism  
  46  3:58  Probe x2 (Chrono Boost)  
  48  4:09  Probe (Chrono Boost)  
  49  4:11  Pylon  
  49  4:14  Probe (Chrono Boost)  
  50  4:19  Probe (Chrono Boost)  
  51  4:29  Probe (Chrono Boost)  
  51  4:30  Probe (Chrono Boost)  
  53  4:40  Probe x2 (Chrono Boost)  
  53  4:44  Assimilator  
  55  4:48  Assimilator  
  55  4:51  Probe x2 (Chrono Boost)  
  57  4:57  Pylon  
  61  5:01  Nexus  
  61  5:02  Probe (Chrono Boost)  
  61  5:04  Pylon x2  
  62  5:13  Observer  
  59  5:41  Probe x2 (Chrono Boost)  
  59  5:45  Stalker x2  
  59  5:46  Stalker  
  63  6:06  Probe x2 (Chrono Boost)  
  65  6:23  Forge  
  65  6:28  Gateway, Probe x2 (Chrono Boost)  
  65  6:29  Probe (Chrono Boost), Gateway  
  68  6:34  Gateway  
  68  6:42  Immortal  
  72  6:56  Twilight Council, Pylon  
  72  6:58  Stalker x3  
  76  7:12  Protoss Ground Weapons Level 1 (Chrono Boost)  
  76  7:14  Photon Cannon  
  76  7:18  Photon Cannon  
  76  7:19  Probe (Chrono Boost)  
  76  7:20  Probe x2 (Chrono Boost)  
  76  7:21  Assimilator  
  79  7:24  Photon Cannon  
  79  7:25  Assimilator  
  79  7:30  Probe x2 (Chrono Boost), Pylon  
  79  7:33  Blink  
  81  7:50  Adept  
  81  7:51  Adept x2  
  87  7:53  Probe x3 (Chrono Boost)  
  90  8:00  Photon Cannon  
  90  8:05  Templar Archives, Probe x3 (Chrono Boost)  
  93  8:07  Pylon  
  93  8:12  Photon Cannon  
  93  8:15  Photon Cannon  
  92  8:28  Immortal (Chrono Boost)  
  92  8:33  Gateway  
  96  8:36  Gateway  
  96  8:39  Psionic Storm  
  96  8:43  Stalker x2  
  96  8:44  Stalker x4  
  108  9:16  Stargate  
  94  9:17  Pylon  
  94  9:22  Stalker x2  
  94  9:23  Stalker x4  
  100  9:25  Protoss Ground Weapons Level 2  
  100  9:27  Gateway  
  100  9:31  Gateway  
  102  9:33  Photon Cannon  
  100  9:40  Probe  
  100  9:41  Stargate  
  100  9:42  Probe x2  
  103  9:48  Observer (Chrono Boost)  
  104  9:56  Robotics Bay  
  104  9:58  Photon Cannon  
  104  10:01  Photon Cannon  
  105  10:07  Observer (Chrono Boost)  
  105  10:09  Phoenix  
  105  10:10  Stalker  
  105  10:11  Stalker x3  
  105  10:12  Zealot x4  
  123  10:33  Phoenix  
  123  10:35  Nexus  
  125  10:36  Phoenix  
  125  10:39  Pylon  
  125  10:40  Pylon  
  125  10:41  Pylon  
  128  10:43  Observer (Chrono Boost), Pylon  
  128  10:44  Observer Gravitic Boosters  
  128  10:45  Pylon  
  127  10:58  Phoenix  
  127  11:02  Probe  
  127  11:03  Probe  
  132  11:04  Probe  
  130  11:16  Fleet Beacon  
  130  11:22  Photon Cannon  
  130  11:25  Photon Cannon  
  131  11:26  Observer (Chrono Boost)  
  131  11:27  Photon Cannon  
  131  11:29  Pylon  
  131  11:31  High Templar x2  
  131  11:32  High Templar x2  
  139  11:33  Phoenix x2  
  139  11:34  Photon Cannon  
  143  11:43  Stargate  
  143  11:46  Photon Cannon  
  143  11:47  Pylon  
  143  11:48  Assimilator  
  143  11:53  Assimilator  
  143  11:57  Photon Cannon  
  143  11:58  Archon  
  143  12:00  Archon  
  143  12:03  High Templar x3  
  143  12:04  High Templar  
  151  12:16  Phoenix x2 (Chrono Boost)  
  151  12:21  Protoss Air Weapons Level 1  
  155  12:39  Gateway  
  155  12:44  Gateway  
  155  12:45  Tempest x2 (Chrono Boost)  
  155  12:46  Gateway  
  155  12:50  Tempest (Chrono Boost)  
  167  12:51  High Templar  
  169  13:19  Nexus  
  169  13:21  Pylon  
  169  13:25  Void Ray (Chrono Boost)  
  177  13:27  Void Ray (Chrono Boost)  
  177  13:30  Void Ray (Chrono Boost)  
  181  13:34  Pylon  
  181  13:45  Pylon  
  178  13:51  Pylon  
  171  14:03  Observer  
  167  14:16  Photon Cannon  
  167  14:22  Photon Cannon  
  167  14:23  Photon Cannon  
  167  14:24  Robotics Facility  
  167  14:26  Assimilator  
  167  14:31  Assimilator  
  167  14:35  Photon Cannon  
  167  14:37  Void Ray (Chrono Boost), Photon Cannon  
  167  14:38  Void Ray (Chrono Boost)  
  175  14:39  Photon Cannon  
  175  14:41  Photon Cannon  
  175  14:43  Void Ray (Chrono Boost)  
  175  14:45  Pylon  
  175  14:49  High Templar x2  
  175  14:50  Stalker x3  
  185  15:00  Photon Cannon  
  185  15:02  Photon Cannon  
  185  15:05  Photon Cannon  
  185  15:07  Photon Cannon  
  185  15:08  Photon Cannon  
  185  15:10  Photon Cannon  
  184  15:39  Void Ray (Chrono Boost)  
  184  15:40  Void Ray (Chrono Boost)  
  196  15:45  Pylon, Void Ray (Chrono Boost)  
  196  15:48  Pylon  
  196  15:51  Pylon  
  196  15:56  Pylon  
  194  16:07  Observer  
  195  16:17  Void Ray (Chrono Boost)  
  199  16:18  Pylon  
  199  16:39  Photon Cannon  
  199  16:40  Photon Cannon  
  199  16:42  Photon Cannon  
  199  16:44  Photon Cannon  
  199  16:46  Photon Cannon  
  199  16:48  Photon Cannon  
  199  16:52  Pylon  
  199  16:54  Pylon  
Tags
 
Add a new tag
Caveats
  • Supply blocks, unpowered buildings, or Contaminate may cause inaccurate times.
  • Supply counts are checked every 10 seconds.